 Dungeon Crawl Stone Soup version 0.19-a0-811-gf4045fb (console) character file.

17 brucemayne the Chopper (level 2, -1/34 HPs)
             Began as a Vampire Berserker on June 28, 2016.
             Was a Follower of Trog.
             Slain by a water moccasin (2 damage)
             ... on level 5 of the Dungeon.
             The game lasted 00:01:35 (534 turns).

brucemayne the Chopper (Vampire Berserker)           Turns: 534, Time: 00:01:37

Health: -1/34      AC:  3    Str: 21    XL:     2   Next: 44%
Magic:  2/2        EV: 12    Int:  9    God:    Trog [*.....]
Gold:   68         SH:  0    Dex: 13    Spells: 0 memorised, 1 level left

rFire  . . .     SeeInvis +     a - +0 hand axe
rCold  . . .     Gourm    .     k - +0 leather armour
rNeg   + . .     Faith    .     (no shield)
rPois  .         Spirit   .     (no helmet)
rElec  .         Dismiss  .     (no cloak)
rCorr  .         Reflect  .     (no gloves)
SustAt .         Harm     .     (no boots)
MR     .....                    (no amulet)
Stlth  ..........               (no ring)
                                (no ring)

@: berserking, lethally poisoned (-1 -> -31), very quick, not resistant to
hostile enchantments, extremely unstealthy
A: fangs 3, see invisible, unbreathing
a: Berserk, Burn Spellbooks, Renounce Religion


You were on level 5 of the Dungeon.
You worshipped Trog.
Trog was aware of your devotion.
You were not thirsty.

You visited 1 branch of the dungeon, and saw 5 of its levels.

You collected 68 gold pieces.

Inventory:

Hand Weapons
 a - a +0 hand axe (weapon)
Armour
 b - a +0 animal skin
 k - a +0 leather armour (worn)
Scrolls
 d - 2 scrolls of enchant weapon {unknown}
 e - a scroll of random uselessness {unknown}
 g - 2 scrolls of noise {unknown}
 i - a scroll of immolation {unknown}
 j - a scroll of identify {unknown}
Potions
 c - 4 potions of blood
 f - a potion of heal wounds {unknown}
 h - a potion of might {unknown}


   Skills:
 - Level 2.6 Fighting
 + Level 3.5 Axes
 - Level 1.5 Armour
 - Level 2.1 Dodging


You had one spell level left.
You didn't know any spells.

Dungeon Overview and Level Annotations

Branches:
Dungeon (5/15)
 Temple: D:4-7

Altars:


Innate Abilities, Weirdness & Mutations

You have razor-sharp teeth.
You have supernaturally acute eyesight. (SInv)
You can survive without breathing.


Message History

The water moccasin poisons you!
You slash the water moccasin!
The water moccasin is severely wounded.
You feel sick. The water moccasin closely misses you.
You closely miss the water moccasin.
The water moccasin is severely wounded.
You feel sick. The water moccasin barely misses you.
You closely miss the water moccasin. Your bite misses the water moccasin.
The water moccasin is severely wounded.
You feel sick. The water moccasin bites you.
You are lethally poisoned!
The water moccasin poisons you!
You barely miss the water moccasin.
The water moccasin is severely wounded.
* * * LOW HITPOINT WARNING * * *
You feel sick. The water moccasin bites you!
* * * LOW HITPOINT WARNING * * *
You are more poisoned.
The water moccasin poisons you! The water moccasin bites you.
You die...

#. #....#
#.####....######
+..............#
#..............#
###..............#
.................#
.................#
...........S@...<#
...#+#####'###'###
#......# #......#
#......# #......#
+......# #..##..#
#..#####


You could see a water moccasin.

Vanquished Creatures
  A worm (D:2)
  A dart slug (D:2)
  3 hobgoblins
  A quokka (D:3)
  2 bats
  2 goblins (D:3)
  3 rats
13 creatures vanquished.

Notes
Turn   | Place    | Note
--------------------------------------------------------------
     0 | D:1      | brucemayne the Vampire Berserker began the quest for the Orb.
     0 | D:1      | Reached XP level 1. HP: 17/17 MP: 1/1
   163 | D:2      | Reached skill level 3 in Axes
   244 | D:2      | Reached XP level 2. HP: 9/23 MP: 2/2
   511 | D:5      | Entered Level 5 of the Dungeon
   521 | D:5      | Noticed a water moccasin
   534 | D:5      | HP: 1/34 [water moccasin (9)]
   534 | D:5      | Slain by a water moccasin

Vault maps used:
D:1:      minmay_arrival_glassed_features
D:2:      kennysheep_potato
D:3:      lemuel_doored_altar, cheibriados_altar_1, overflow_temple_1_default,
          old_standard_altar
D:4:      kennysheep_mini_moat, nicolae_xom_altar_mimics, uniq_edmund
D:5:      nicolae_dithmenos_the_darkroom, first_bread, gup_sewer_entry_pipe,
          evilmike_ruin_ashenzari

Skill      XL: |  1 |
---------------+----+-----
Axes           | 3 |  3.5
Fighting       | |  2.6
Armour         | |  1.5
Dodging        | |  2.1

Action                   || total
-------------------------++-------
Melee: Hand axe          ||    51
       Bite              ||     5
Invok: Berserk           ||     3
  Use: Potion            ||     2
 Stab: Sleeping          ||     1
Armor: Animal skin       ||     5
Dodge: Dodged            ||    23
